 Dungeon Crawl Stone Soup version 0.31-a0-408-gb642c7f9a3 (webtiles) character file.

Game seed: 3297515211382584221

868 tilp the Sneak (level 7, -3/51 HPs)
             Began as a Vampire Enchanter on July 29, 2023.
             Was an Initiate of Wu Jian.
             Slain by Duvessa
             ... wielding a +0 short sword
              (17 damage)
             ... on level 5 of the Dungeon.
             The game lasted 00:08:47 (4412 turns).

tilp the Sneak (Vampire Enchanter)                  Turns: 4412, Time: 00:08:48

Health: -3/51      AC:  3    Str:  7    XL:     7   Next: 73%
Magic:  6/11       EV: 13    Int: 19    God:    Wu Jian [......]
Gold:   178        SH:  0    Dex: 15    Spells: 4/12 levels left

rFire   . . .        m - +1 dagger
rCold   . . .        (no shield)
rNeg    . . .        i - +0 robe
rPois   .            (no helmet)
rElec   .            (no cloak)
rCorr   .            o - +0 pair of gloves
SInv    +            (no boots)
Will    .....        (no amulet)
Stlth   +++          r - ring of flight
HPRegen 0.48/turn    (no ring)
MPRegen 0.12/turn

%: no passive effects
@: confusing by touch, flying, very slightly contaminated, healing quickly
A: alive, fangs 3, see invisible, vampiric 2
a: Exsanguinate, Renounce Religion


You were on level 5 of the Dungeon.
You worshipped Wu Jian.
Wu Jian was noncommittal.
You visited 2 branches of the dungeon, and saw 6 of its levels.
You also visited: Sewer.

You collected 178 gold pieces.

Inventory:

Hand Weapons
 a - a +3 short sword of venom
 b - a +2 rapier of freezing
 f - a +1 antimagic short sword
 m - a +1 dagger (weapon)
Missiles
 h - 51 stones
 q - 3 poisoned darts (quivered)
 x - 2 boomerangs
Armour
 i - a +0 robe (worn)
 o - a +0 pair of gloves (worn)
Magical Staves
 y - a staff of air
Jewellery
 r - a ring of flight (left hand)
 A - an amulet of faith
Talismans
 e - a beast talisman
 j - a blade talisman
Wands
 d - a wand of paralysis (4)
 B - a wand of roots (2)
Scrolls
 u - a scroll of blinking {unknown}
 w - 2 scrolls of teleportation
 z - a scroll of fog
Potions
 c - 3 potions of invisibility
 g - 2 potions of brilliance
 k - a potion of attraction
 l - 2 potions of curing
 n - a potion of lignification {unknown}
 p - 2 potions of heal wounds
 s - a potion of cancellation {unknown}
 v - a potion of might {unknown}
Miscellaneous
 t - a lightning rod (4/4)


   Skills:
 + Level 2.7 Fighting
 * Level 5.0 Short Blades
 - Level 4.0 Dodging
 + Level 6.7 Stealth
 + Level 3.2 Spellcasting
 + Level 6.3 Hexes
 + Level 1.7 Evocations


You had 4 spell levels left.
You knew the following spells:

 Your Spells              Type           Power      Damage    Failure   Level
a - Ensorcelled Hibernat  Hex/Ice        30%        N/A       6%          2
b - Confusing Touch       Hex            27%        N/A       3%          3
c - Tukima's Dance        Hex            27%        N/A       3%          3

Your spell library contained the following spells:

 Spells                   Type           Power      Damage    Failure   Level
 Dazzling Flash           Conj/Hex       30%        N/A       12%         3
 Sting                    Tmut/Pois      12%        1d3       16%         1
 Summon Small Mammal      Summ           12%        N/A       16%         1
 Blink                    Tloc           6%         N/A       22%         2
 Passwall                 Tmut/Erth      2%         N/A       22%         2
 Static Discharge         Conj/Air       6%         2-3/arc   22%         2
 Fulminant Prism          Conj/Hex       7%         3d6       36%         4
 Ignite Poison            Fire/Tmut/Pois 3%         N/A       41%         3
 Swiftness                Air            3%         N/A       41%         3
 Volatile Blastmotes      Fire/Tloc      6%         2d10      41%         3
 Airstrike                Air            1%         2d(1-17)  83%         4
 Iskenderun's Mystic Bla  Conj/Tloc      3%         2d3       83%         4
 Manifold Assault         Tloc           3%         N/A       83%         4
 Sticky Flame             Conj/Fire      3%         2d3       83%         4
 Summon Lightning Spire   Summ/Air       3%         N/A       83%         4
 Ignition                 Fire           1%         3d3       100%        8


Dungeon Overview and Level Annotations

Branches:
Dungeon (5/15)             Temple (1/1) D:4           Sewer (visited)

Altars:
Ashenzari
Cheibriados
Fedhas
Gozag
Kikubaaqudgha
Nemelex Xobeh
Okawaru
Qazlal
Ru
Sif Muna
Uskayaw
Vehumet
Wu Jian
Xom

Annotations:
D:2 dig vault
D:5 Duvessa


Innate Abilities, Weirdness & Mutations

Your natural rate of healing is accelerated.
You have razor-sharp teeth.
You have supernaturally acute eyesight. (SInv)
You are afflicted with vampirism and can become a bat while bloodless.


Message History

The helpless Dowan fails to defend himself.
You spit Dowan like a pig!!!
You kill Dowan!
The Council accepts your kill.
You hear a distant scream of rage.
Your Short Blades skill increases to level 5!
You pick up Sif Muna's Essays on Phantasms and the Black Widow and begin reading...
You add the spells Summon Small Mammal and Sting to your library.
Things that are here:
a +0 dagger; a +0 robe Duvessa, Sister of Dowan comes into view.
She is wielding a +0 short sword and wearing a +2 leather armour of willpower.
Casting: Ensorcelled Hibernation (safe; 6% risk of failure)
Confirm with . or Enter, or press ? or * to list all spells.
Aiming: Ensorcelled Hibernation (safe; 6% risk of failure)
Press: ? - help, Shift-Dir - straight line, f - Duvessa
Aim: Duvessa, wielding a +0 short sword and wearing a +2 leather armour of willpower (wandering, hasn't noticed you, chance to affect: 7%)
You miscast Ensorcelled Hibernation.
You are very lightly contaminated with residual magic.
Nothing appears to happen.
Duvessa shouts!
Duvessa goes berserk!
Casting: Ensorcelled Hibernation (safe; 6% risk of failure)
Confirm with . or Enter, or press ? or * to list all spells.
You can't see any susceptible monsters within range! (Use Z to cast anyway.) Unknown command.
Unknown command.
Casting: Ensorcelled Hibernation (safe; 6% risk of failure)
Confirm with . or Enter, or press ? or * to list all spells.
Your hands begin to glow red.
Duvessa closely misses you.
You completely miss Duvessa. Duvessa misses you.
Duvessa hits you with a +0 short sword!
You hit Duvessa but do no damage. Duvessa misses you.
You completely miss Duvessa. Duvessa barely misses you.
You hit Duvessa but do no damage. Duvessa hits you with a +0 short sword.
You hit Duvessa but do no damage. Duvessa hits you with a +0 short sword!
* * * LOW HITPOINT WARNING * * *
You hit Duvessa but do no damage. Duvessa hits you with a +0 short sword.
* * * LOW HITPOINT WARNING * * *
You hit Duvessa but do no damage. Duvessa hits you with a +0 short sword!
You die...

...........####
##.#######.##
.#......##..##
##......##...## ##
#......##....## ..#
#......##.....###..
#.#######.##...#∩#
#.# #.###..e## #.#
#.# ##.@.### #.#
#.. ##....# #.#
########.)_# #.#
#.....<##..# #.#
#.########## #.#
#.# #.# #.# #.#
#.######### #.#
#.........#


You could see Duvessa (berserk).

Vanquished Creatures
  A black bear (D:5)
  An ice beast (D:5)
  An ogre (D:5)
  A phantom (D:5)
  2 bullfrogs (Sewer)
  A scorpion (D:5)
  Dowan (D:5)
  2 iguanas
  An orc wizard (D:4)
  4 adders
  A river rat (D:3)
  2 worms (D:3)
  8 dart slugs
  12 orcs
  6 bats
  6 endoplasms
  11 giant cockroaches
  4 goblins
  14 hobgoblins
  4 jackals
  8 quokkas
  12 ball pythons
  10 frilled lizards
  11 kobolds
  5 rats
129 creatures vanquished.

Vanquished Creatures (collateral kills)
  An adder (D:4)
1 creature vanquished.

Grand Total: 130 creatures vanquished

Notes
Turn   | Place    | Note
-------+----------+-------------------------------------------
     0 | D:1      | tilp the Vampire Enchanter began the quest for the Orb.
     0 | D:1      | Reached XP level 1. HP: 13/13 MP: 3/3
   168 | D:1      | Reached XP level 2. HP: 14/19 MP: 5/5
   171 | D:1      | Learned a level 2 spell: Ensorcelled Hibernation
  1007 | D:2      | Identified a scroll of acquirement
  1007 | D:2      | Acquired a +2 rapier of freezing
  1041 | D:2      | Gained mutation: You are afflicted with vampirism and can
                  | become a bat while bloodless. [Vampire growth]
  1041 | D:2      | Reached XP level 3. HP: 23/25 MP: 6/6
  1045 | D:2      | Learned a level 3 spell: Confusing Touch
  1923 | D:3      | Reached XP level 4. HP: 31/31 MP: 7/7
  2204 | D:3      | Reached skill level 1 in Fighting
  2216 | D:3      | Found a glowing drain.
  2219 | D:3      | Reached skill level 5 in Stealth
  2225 | Sewer    | Entered a sewer
  2391 | Sewer    | Noticed a bullfrog
  2392 | Sewer    | Noticed a bullfrog
  2397 | Sewer    | Killed a bullfrog
  2398 | Sewer    | Reached skill level 5 in Hexes
  2398 | Sewer    | Reached XP level 5. HP: 27/37 MP: 3/8
  2403 | Sewer    | Reached XP level 6. HP: 34/44 MP: 2/9
  2546 | Sewer    | Learned a level 3 spell: Tukima's Dance
  3207 | D:4      | Found a staircase to the Ecumenical Temple.
  3300 | Temple   | Entered the Ecumenical Temple
  3316 | Temple   | Became a worshipper of the Wu Jian Council
  3755 | D:5      | Entered Level 5 of the Dungeon
  3780 | D:5      | Noticed an ice beast
  3791 | D:5      | Killed an ice beast
  3837 | D:5      | Reached skill level 1 in Evocations
  3837 | D:5      | Reached XP level 7. HP: 36/50 MP: 6/11
  3950 | D:5      | Found a shimmering altar of Xom.
  3950 | D:5      | Found a snail-covered altar of Cheibriados.
  3956 | D:5      | Found a hide-covered altar of Uskayaw.
  4393 | D:5      | Noticed Dowan
  4394 | D:5      | Found a shimmering blue altar of Sif Muna.
  4399 | D:5      | Killed Dowan
  4400 | D:5      | Reached skill level 5 in Short Blades
  4401 | D:5      | Got Sif Muna's Essays on Phantasms and the Black Widow
  4403 | D:5      | Noticed Duvessa
  4412 | D:5      | Slain by Duvessa

Illustrated notes

Levels and vault maps discovered:
D:1:      amcnicky_arrival_gap_in_the_tavern_cellar, layout_basic
D:2:      layout_loops_cross, hex_large, due_unseen_surprise
D:3:      layout_basic, portal_sewer_entry_e, st_stairs_9
D:4:      layout_rooms, temple_hall
D:5:      layout_basic, nzn_overflow_gifts_of_might_and_magic,
          nicolae_overflow_hallway_of_the_gods
Temple:   chequers_temple_sunken

Skill      XL: |  1  2  3  4  5  6  7 |
---------------+----------------------+-----
Dodging        | 3 4 |  4.0
Short Blades   | 2 3 4 5 |  5.0
Fighting       | 1 2 |  2.7
Stealth        | 5 6 |  6.7
Hexes          | 5 6 |  6.3
Evocations     | 1 |  1.7
Spellcasting   | 3 |  3.2

Action                     |  1- 3 |  4- 6 |  7- 9 || total
---------------------------+-------+-------+-------++-------
  Melee: Dagger            |    75 |    38 |    45 ||   158
         Bite              |     9 |    15 |     4 ||    28
         Rapier            |    63 |   120 |       ||   183
         Punch             |     1 |     1 |     1 ||     3
  Throw: Dart              |       |     2 |       ||     2
   Cast: Ensorcelled Hiber |     3 |     7 |     9 ||    19
         Confusing Touch   |       |     1 |     2 ||     3
         Tukima's Dance    |       |     1 |       ||     1
Ability: Lunge             |       |     2 |     6 ||     8
    Use: Scroll            |     6 |     6 |       ||    12
   Stab: Sleeping          |    12 |    18 |     9 ||    39
         Confused          |       |     2 |     1 ||     3
 Armour: Robe              |    25 |    31 |     9 ||    65
  Dodge: Dodged            |    86 |   117 |    30 ||   233

Table legend: (Time is in decaauts)
 A = Elapsed time spent in this place.
 B = Non-inter-level travel time spent in this place.
 C = Inter-level travel time spent in this place.
 D = Time resting spent in this place.
 E = Time spent auto-exploring this place.
 F = Levels seen in this place.
 G = Mean time per level.
                   A        B        C        D        E       F      G
               +--------+--------+--------+--------+--------+-----+--------+
         Total |   4402 |   4212 |    190 |     75 |   2853 |   7 |  628.9 |
       Dungeon |   4032 |   3872 |    160 |     75 |   2694 |   5 |  806.4 |
        Temple |     31 |      2 |     29 |      0 |      0 |   1 |   31.0 |
         Sewer |    338 |    338 |      0 |      0 |    159 |   1 |  338.0 |
               +--------+--------+--------+--------+--------+-----+--------+

Top non-repeatable levels by time:
     D:1: 996 daAuts
     D:3: 952 daAuts
     D:2: 764 daAuts
     D:4: 671 daAuts
     D:5: 646 daAuts
   Sewer: 338 daAuts
  Temple: 31 daAuts
